AoeStats
← jeremias723

Socotra

506762513Analyzed
4v4 RM · 16d ago on Sep 15, 2026· 24m 0s· 8 players
Game mode
Random Map
Map size
148×148
Population
200
Speed
Normal
Resources
Standard
Victory
Conquest
Starting age
Dark Age
Ending age
Imperial Age
RankedLock teamsTeams togetherTeam positionsShared explorationLock speedFull tech treeHidden civsTurbo modeCheats
Victory
Defeat
🇨🇱 Persians · Chile
1659
+8
🇲🇽 Spanish · Mexico
1620
+9
🇲🇽 Magyars · Mexico
1596
+10
🇲🇽 Inca · Mexico
1557
+11
🇦🇷 Bengalis · Argentina
1500
-12
🇨🇱 Sicilians · Chile
1480
-10
🇨🇱 Japanese · Chile
1414
-8
🇦🇷 Malay · Argentina
1412
-8
El Choro Stifen
5:36 Loom
11:27 Feudal Age
12:24 Double-Bit Axe
14:50 Fletching
19:11 Wheelbarrow
22:22 Castle Age
22:27 Crossbowman
jeremias723
4:03 Loom
FeR
5:40 Loom
8:49 Feudal Age
9:24 Double-Bit Axe
9:26 Horse Collar
16:16 Forging
18:12 Town Watch
26:06 Castle Age
Patopsx
6:13 Loom
6:44 Loom
9:11 Feudal Age
9:48 Double-Bit Axe
21:00 Wheelbarrow
David Rasie
3:46 Loom
VX | Obligame Perro!
6:37 Loom
9:07 Feudal Age
9:41 Double-Bit Axe
16:05 Scale Barding Armor
23:27 Castle Age
23:19 Bloodlines
25:14 Wheelbarrow
Vx | Boomin
9:48 Feudal Age
9:49 Loom
15:01 Castle Age
13:55 Double-Bit Axe
VX | Evander
7:47 Loom
17:07 Feudal Age
17:19 Champi Runner
22:41 Scale Mail Armor
Connection lost

Rejoining the realm…

Still unreachable

The connection could not be restored.

Session expired

The server has moved on; the page needs a fresh start.